 Dungeon Crawl Stone Soup version 0.24.0-35-gdb84b6a5db (webtiles) character file.

Game seed: 6097699023055927417, levelgen mode: deterministic

65 Amplified the Ogre Mage (level 4, -1/44 HPs)
             Began as an Ogre Air Elementalist on Nov 20, 2019.
             Slain by an orc
             ... wielding a +0 flail
              (4 damage)
             ... on level 3 of the Dungeon.
             The game lasted 00:03:57 (1440 turns).

Amplified the Ogre Mage (Ogre Air Elementalist)     Turns: 1440, Time: 00:03:58

Health: -1/44      AC:  6    Str: 13    XL:     4   Next: 13%
Magic:  2/9        EV: 10    Int: 16    God:
Gold:   62         SH:  0    Dex:  9    Spells: 3/9 levels left

rFire    . . .     SeeInvis .   d - +0 whip
rCold    + . .     Gourm    .   (no shield)
rNeg     . . .     Faith    .   a - +0 robe
rPois    .         Spirit   .   e - +1 hat
rElec    .         Reflect  .   (no cloak)
rCorr    .         Harm     .   (gloves unavailable)
MR       .....     Rnd*Rage +   (boots unavailable)
Stlth    +.........             (no amulet)
HPRegen  0.14/turn              (no ring)
MPRegen  0.11/turn              (no ring)

@: lethally poisoned (-1 -> -4), very slightly contaminated
A: large, unfitting armour, molten scales 1, berserk 1, cold resistance 1,
deterioration 1, tough skin 1
a: no special abilities


You were on level 3 of the Dungeon.
You were not hungry.

You visited 1 branch of the dungeon, and saw 3 of its levels.

You collected 62 gold pieces.

Inventory:

Hand Weapons
 b - a +0 short sword
 d - a +0 whip (weapon)
Missiles
 j - 90 stones (quivered)
Armour
 a - a +0 robe (worn)
 e - a +1 hat (worn)
Jewellery
 h - an uncursed ring of ice
Scrolls
 f - a scroll of amnesia
 k - a scroll of immolation
Comestibles
 c - a ration
 g - 2 chunks of flesh


   Skills:
 * Level 2.5 Fighting
 - Level 1.7 Dodging
 - Level 1.4 Stealth
 * Level 3.4 Spellcasting
 - Level 0.8 Conjurations
 * Level 3.3 Air Magic


You had 3 spell levels left.
You knew the following spells:

 Your Spells              Type           Power        Failure   Level  Hunger
a - Shock                 Conj/Air       #...         8%          1    None
b - Swiftness             Chrm/Air       #.......     14%         2    ##.....
c - Static Discharge      Conj/Air       #.......     22%         3    ###....

Your spell library contained the following spells:

 Spells                   Type           Power        Failure   Level  Hunger
 Airstrike                Air            ##........   41%         4    ####...
 Lightning Bolt           Conj/Air       #.........   91%         5    ######.


Dungeon Overview and Level Annotations

Branches:
Dungeon (3/15)

Altars:

Annotations:
D:2 Sigmund


Innate Abilities, Weirdness & Mutations

You are too large for most types of armour.
You have tough skin. (AC +1)
You are partially covered in molten scales. (AC +2)
You tend to lose your temper in combat.
Your flesh is cold resistant. (rC+)
Your body sometimes deteriorates upon taking damage.


Message History

Press: ? - help, Shift-Dir - straight line, f - adder
Aim: an adder (severely wounded)
You throw a large rock. The large rock barely misses the adder.
The large rock hits the goblin!!
You kill the goblin!
The adder barely misses you. The adder bites you but does no damage.
The goblin closely misses you. The adder bites you but does no damage.
The goblin barely misses you.
Throwing (i - inventory)
j - 91 stones (quivered)
Press: ? - help, Shift-Dir - straight line, f/p - adder
Aim: an adder (severely wounded)
You throw a stone. The stone barely misses the adder.
The adder bites you but does no damage. The goblin hits you but does no damage.
Unknown command.
You no longer feel sluggish.
The adder bites you.
* * * LOW HITPOINT WARNING * * *
You are lethally poisoned!
The adder poisons you! The orc hits you with a +0 flail.
You die...

###############
.............#
#.#.#.#.#.#@#
r........So#
##.#.#.#.#.#.#
#......).(...#
##.#.#<#.#.#.#
#......†.....#
##.#.#.#.#.#.#
...........#
#.#(#.#.#.#.#


You could see an adder and an orc.

Vanquished Creatures
  3 adders (D:2)
  An ooze (D:2)
  A worm (D:2)
  2 bats (D:2)
  6 goblins
  4 hobgoblins
  3 kobolds
  A quokka (D:3)
  4 frilled lizards
  4 rats (D:1)
29 creatures vanquished.

Notes
Turn   | Place    | Note
-------+----------+-------------------------------------------
     0 | D:1      | Amplified the Ogre Air Elementalist began the quest for the
                  | Orb.
     0 | D:1      | Reached XP level 1. HP: 16/16 MP: 3/3
     3 | D:1      | Noticed an electric eel
     3 | D:1      | Noticed an electric eel
   229 | D:1      | Reached skill level 1 in Fighting
   229 | D:1      | Reached XP level 2. HP: 23/27 MP: 5/5
   815 | D:1      | Learned a level 2 spell: Swiftness
   836 | D:2      | Noticed Sigmund
   942 | D:2      | Reached XP level 3. HP: 18/35 MP: 3/7
  1238 | D:1      | Learned a level 3 spell: Static Discharge
  1405 | D:2      | Reached XP level 4. HP: 22/44 MP: 7/9
  1418 | D:2      | Gained mutation: Your body sometimes deteriorates upon
                  | taking damage. [potion of mutation]
  1418 | D:2      | Gained mutation: You tend to lose your temper in combat.
                  | [potion of mutation]
  1418 | D:2      | Gained mutation: Your flesh is cold resistant. (rC+)
                  | [potion of mutation]
  1418 | D:2      | Gained mutation: You are partially covered in molten
                  | scales. (AC +2) [potion of mutation]
  1440 | D:3      | Slain by an orc

Levels and vault maps discovered:
D:1:      arrival_aquarium_b, layout_loops_ring, item_on_display_b
D:2:      layout_rooms, serial_curves, eino_curves_01, eino_curves_04,
          eino_curves_04, eino_curves_02, serial_bayou_pond_e, uniq_robin,
          uniq_sigmund
D:3:      layout_rooms, first_ration, serial_bayou_pond_a, st_stairs_11,
          grunt_ministairs_10, uniq_terence

Skill      XL: |  1  2  3 |
---------------+----------+-----
Fighting       | 1 2 |  2.5
Air Magic      | 3 |  3.3
Spellcasting   | 3 |  3.4
Dodging        | |  1.7
Stealth        | |  1.4
Conjurations   | |  0.8

Action                   |  1- 3 |  4- 6 || total
-------------------------+-------+-------++-------
Melee: Whip              |    61 |     2 ||    63
       Unarmed           |     1 |       ||     1
Throw: Large rock        |     7 |     1 ||     8
       Stone             |       |     1 ||     1
 Cast: Shock             |    12 |     4 ||    16
       Static Discharge  |     2 |       ||     2
       Swiftness         |       |     1 ||     1
  Use: Scroll            |     5 |       ||     5
       Potion            |       |     1 ||     1
 Stab: Sleeping          |     2 |       ||     2
  Eat: Ration            |     1 |       ||     1
Armor: Robe              |    15 |    10 ||    25
Dodge: Dodged            |    48 |    13 ||    61
